 Dungeon Crawl Stone Soup version 0.18.1-48-g4cf74bf (webtiles) character file.

68 WarriorsX the Slasher (level 4, -5/35 HPs)
             Began as a Human Fighter on July 30, 2016.
             Killed by divine providence
             ... invoked by an orc priest
              (16 damage)
             ... on level 3 of the Dungeon.
             The game lasted 00:02:26 (1222 turns).

WarriorsX the Slasher (Human Fighter)               Turns: 1222, Time: 00:02:27

Health: -5/35      AC:  8    Str: 17    XL:     4   Next: 41%
Magic:  4/4        EV:  7    Int:  9    God:
Gold:   149        SH:  9    Dex: 12    Spells: 0 memorised, 3 levels left

rFire  . . .     SeeInvis .     a - +0 long sword
rCold  . . .     Gourm    .     b - +0 scale mail
rNeg   . . .     Faith    .     c - +0 shield
rPois  .         Spirit   .     (no helmet)
rElec  .         Dismiss  .     k - +1 cloak
rCorr  .         Reflect  .     (no gloves)
SustAt .         Harm     .     (no boots)
MR     .....                    (no amulet)
Stlth  ..........               (no ring)
                                (no ring)

@: not resistant to hostile enchantments, extremely unstealthy
A: no striking features
a: no special abilities


You were on level 3 of the Dungeon.
You were not hungry.

You visited 1 branch of the dungeon, and saw 3 of its levels.

You collected 149 gold pieces.

Inventory:

Hand Weapons
 a - a +0 long sword (weapon)
Armour
 b - a +0 scale mail (worn)
 c - a +0 shield (worn)
 k - a +1 cloak (worn)
Jewellery
 o - an uncursed ring of positive energy {unknown}
 s - a cursed ring of teleportation {unknown}
Scrolls
 e - a scroll of immolation {unknown}
 j - 2 scrolls of remove curse {unknown}
 n - a scroll of teleportation {unknown}
 r - a scroll of identify {unknown}
Potions
 d - a potion of might
 g - 2 potions of heal wounds {unknown}
 i - a potion of magic {unknown}
 m - 2 potions of invisibility {unknown}
 q - 2 potions of curing {unknown}
Comestibles
 f - 4 bread rations
 h - 2 fruits
 l - 3 meat rations
 p - a beef jerky


   Skills:
 + Level 3.3 Fighting
 - Level 4.0 Long Blades
 - Level 3.0 Armour
 - Level 3.0 Shields


You had 3 spell levels left.
You didn't know any spells.

Dungeon Overview and Level Annotations

Branches:
Dungeon (3/15)

Altars:
Pakellas


Message History

An orc comes into view. It is wielding a dagger.
The orc priest calls down the wrath of Beogh upon you.
Beogh smites you!
You hear a shout!
You slash the orc priest!
The orc priest is heavily wounded.
The orc priest miscasts a cantrip.
You slash the orc priest!
The orc priest is almost dead.
You block the orc priest's attack. x2
Your shield and scale mail prevent you from hitting the orc priest.
The orc priest is almost dead.
The orc priest invokes the aid of Beogh against you.
Beogh smites you!
An orc comes into view. It is wielding a dagger.
You barely miss the orc priest.
The orc priest is almost dead.
The orc priest invokes the aid of Beogh against you.
Beogh smites you!
You die...

#.# #.# #.# #.# #.#
#.# # #.#
#..o######## #.#
.o....ooo@.# #.#
#...######.########.#
# #..........#
############


You could see an orc priest and 3 orcs.

Vanquished Creatures
  Jessica (D:2)
  An adder (D:2)
  An ooze (D:1)
  A dart slug (D:1)
  A giant gecko (D:1)
  2 bats
  A giant cockroach (D:1)
  2 jackals (D:1)
  A ball python (D:1)
  2 giant newts (D:1)
  3 goblins
  5 kobolds
  9 rats
30 creatures vanquished.

Notes
Turn   | Place    | Note
--------------------------------------------------------------
     0 | D:1      | WarriorsX the Human Fighter began the quest for the Orb.
     0 | D:1      | Reached XP level 1. HP: 18/18 MP: 1/1
   155 | D:1      | Reached XP level 2. HP: 19/24 MP: 2/2
   301 | D:1      | Reached skill level 3 in Long Blades
   368 | D:1      | Reached XP level 3. HP: 28/29 MP: 3/3
   685 | D:2      | Noticed Jessica
   693 | D:2      | Killed Jessica
   693 | D:2      | Reached skill level 4 in Long Blades
   693 | D:2      | Reached XP level 4. HP: 18/35 MP: 4/4
   795 | D:2      | Found an oddly glowing altar of Pakellas.
  1222 | D:3      | Killed from afar by an orc priest

Skill      XL: |  1  2  3 |
---------------+----------+-----
Long Blades    | 3 4 |  4.0
Fighting       | |  3.3
Armour         | |  3.0
Shields        | |  3.0

Action                   |  1- 3 |  4- 6 || total
-------------------------+-------+-------++-------
Melee: Long sword        |    81 |    18 ||    99
  Eat: Chunk             |       |     1 ||     1
Armor: Scale mail        |    43 |     2 ||    45
Dodge: Dodged            |    21 |     4 ||    25
Block: Shield            |    42 |     7 ||    49
